| TOP OF THE 1ST |
|
Milwaukee Brewers batting - Pitching for Boston Red Sox : LHP Phil Christopher
|
|
Pitching: LHP Phil Christopher
|
|
|
Batting: RHB Jorge Gutiérrez
|
0-0: Called Strike 0-1: Ball 1-1: Fly out, F6 (Line Drive, 6, EV 64.4 MPH)
|
|
Batting: RHB Jim Smith
|
0-0: Called Strike 0-1: Ball 1-1: Hit by Pitch
|
|
Batting: RHB Kevin Thompson
|
0-0: Called Strike Jim Smith is caught stealing 2nd base 2-4 0-1: Ball 1-1: Foul Ball, location: 9LDF 1-2: Fly out, F7 (Flyball, 78M, EV 87.5 MPH)
|
| Top of the 1st over - 0 runs, 0 hits, 0 errors, 0 left on base; Milwaukee 0 - Boston 0 |
| BOTTOM OF THE 1ST |
|
Boston Red Sox batting - Pitching for Milwaukee Brewers : RHP Joe Ross
|
|
Pitching: RHP Joe Ross
|
|
|
Batting: RHB Jim Williamson
|
0-0: Ground out U3 (Groundball, 3S, EV 79.4 MPH)
|
|
Batting: LHB Rafael Devers
|
0-0: Called Strike 0-1: Ground out 4-3 (Groundball, 4, EV 100.6 MPH)
|
|
Batting: RHB Patrick Vitzhum
|
0-0: Called Strike 0-1: Ball 1-1: Ball 2-1: Swinging Strike 2-2: SINGLE (Line Drive, 7LS, EV 98.1 MPH)
|
|
Batting: SHB Dan Combs
|
0-0: Foul Ball, location: 7LMF 0-1: Ball 1-1: Ball 2-1: Ground out 4-3 (Groundball, 34S, EV 79.4 MPH)
|
| Bottom of the 1st over - 0 runs, 1 hit, 0 errors, 1 left on base; Milwaukee 0 - Boston 0 |
| TOP OF THE 2ND |
|
Milwaukee Brewers batting - Pitching for Boston Red Sox : LHP Phil Christopher
|
|
Batting: LHB Billy Wood
|
0-0: Fly out, F9 (Flyball, 9D, EV 106.9 MPH)
|
|
Batting: RHB Tim Campbell
|
0-0: Ball 1-0: Fly out, F1 (Line Drive, P, EV 71.3 MPH)
|
|
Batting: RHB Dave Thomas
|
0-0: Ground out 4-3 (Groundball, 4, EV 108.1 MPH)
|
| Top of the 2nd over - 0 runs, 0 hits, 0 errors, 0 left on base; Milwaukee 0 - Boston 0 |
| BOTTOM OF THE 2ND |
|
Boston Red Sox batting - Pitching for Milwaukee Brewers : RHP Joe Ross
|
|
Batting: RHB Cristián Colón
|
0-0: Ball 1-0: Ball 2-0: Ground out 4-3 (Groundball, 4M, EV 85.0 MPH)
|
|
Batting: SHB Yoan Moncada
|
0-0: Called Strike 0-1: Called Strike 0-2: Ball 1-2: Ball 2-2: SINGLE (Line Drive, 34D, EV 94.4 MPH)
|
|
Batting: RHB Steve Potter
|
0-0: Called Strike 0-1: Ball 1-1: Foul Ball, location: 9LDF 1-2: Strikes out looking
|
|
Batting: SHB Cole Tucker
|
0-0: Ball 1-0: Ground out 4-3 (Groundball, 4D, EV 98.1 MPH)
|
| Bottom of the 2nd over - 0 runs, 1 hit, 0 errors, 1 left on base; Milwaukee 0 - Boston 0 |
| TOP OF THE 3RD |
|
Milwaukee Brewers batting - Pitching for Boston Red Sox : LHP Phil Christopher
|
|
Batting: RHB Steve Sanders
|
0-0: Called Strike 0-1: Ball 1-1: Foul Ball, location: 2LF 1-2: Ball 2-2: Strikes out swinging
|
|
Batting: LHB Reese McGuire
|
0-0: Ball 1-0: Foul Ball, location: 2F 1-1: Ball 2-1: Fly out, F6 (Line Drive, 6M, EV 75.6 MPH)
|
|
Batting: RHB Christian Arroyo
|
0-0: Ball 1-0: Called Strike 1-1: Swinging Strike 1-2: Ground out 4-3 (Groundball, 4, EV 85.6 MPH)
|
| Top of the 3rd over - 0 runs, 0 hits, 0 errors, 0 left on base; Milwaukee 0 - Boston 0 |
| BOTTOM OF THE 3RD |
|
Boston Red Sox batting - Pitching for Milwaukee Brewers : RHP Joe Ross
|
|
Batting: RHB Steve Pratt
|
0-0: Ball 1-0: Ball 2-0: Fly out, F3 (Popup, 34, EV 70.0 MPH)
|
|
Batting: RHB Jim Williamson
|
0-0: Ball 1-0: Ground out 6-3 (Groundball, 56, EV 102.5 MPH)
|
|
Batting: LHB Rafael Devers
|
0-0: Ball 1-0: Foul Ball, location: 7LSF 1-1: Ball 2-1: Fly out, F6 (Line Drive, 6, EV 69.4 MPH)
|
| Bottom of the 3rd over - 0 runs, 0 hits, 0 errors, 0 left on base; Milwaukee 0 - Boston 0 |
| TOP OF THE 4TH |
|
Milwaukee Brewers batting - Pitching for Boston Red Sox : LHP Phil Christopher
|
|
Batting: RHB Jorge Gutiérrez
|
0-0: Swinging Strike 0-1: Ground out U3 (Groundball, 3L, EV 86.3 MPH)
|
|
Batting: RHB Jim Smith
|
0-0: Foul Ball, location: 2F 0-1: Called Strike 0-2: Foul Ball, location: 9LSF 0-2: Ball 1-2: Ground out U3 (Groundball, 34, EV 110.6 MPH)
|
|
Batting: RHB Kevin Thompson
|
0-0: Ball 1-0: Swinging Strike 1-1: Ball 2-1: Called Strike 2-2: Ball 3-2: Ground out 6-3 (Groundball, 6S, EV 80.0 MPH)
|
| Top of the 4th over - 0 runs, 0 hits, 0 errors, 0 left on base; Milwaukee 0 - Boston 0 |
| BOTTOM OF THE 4TH |
|
Boston Red Sox batting - Pitching for Milwaukee Brewers : RHP Joe Ross
|
|
Batting: RHB Patrick Vitzhum
|
0-0: Called Strike 0-1: Ball 1-1: Ball 2-1: Foul Ball, location: 2F 2-2: Strikes out looking
|
|
Batting: SHB Dan Combs
|
0-0: Ball 1-0: Ground out 5-3 (Groundball, 6, EV 101.3 MPH)
|
|
Batting: RHB Cristián Colón
|
0-0: Ball 1-0: Ball 2-0: Called Strike 2-1: Ball 3-1: SINGLE (Line Drive, 9S, EV 106.9 MPH)
|
|
Batting: SHB Yoan Moncada
|
0-0: Swinging Strike 0-1: Ball 1-1: Fly out, F8 (Flyball, 78M, EV 96.3 MPH)
|
| Bottom of the 4th over - 0 runs, 1 hit, 0 errors, 1 left on base; Milwaukee 0 - Boston 0 |
| TOP OF THE 5TH |
|
Milwaukee Brewers batting - Pitching for Boston Red Sox : LHP Phil Christopher
|
|
Batting: LHB Billy Wood
|
0-0: Swinging Strike 0-1: Ball 1-1: Ball 2-1: Ground out 4-3 (Groundball, 4S, EV 65.6 MPH)
|
|
Batting: RHB Tim Campbell
|
0-0: Called Strike 0-1: Called Strike 0-2: Ball 1-2: Ground out 4-3 (Groundball, 4, EV 84.4 MPH)
|
|
Batting: RHB Dave Thomas
|
0-0: Fly out, F8 (Flyball, 89D, EV 105.0 MPH)
|
| Top of the 5th over - 0 runs, 0 hits, 0 errors, 0 left on base; Milwaukee 0 - Boston 0 |
| BOTTOM OF THE 5TH |
|
Boston Red Sox batting - Pitching for Milwaukee Brewers : RHP Joe Ross
|
|
Batting: RHB Steve Potter
|
0-0: Ball 1-0: Called Strike 1-1: Ball 2-1: Ball 3-1: Called Strike 3-2: Strikes out swinging
|
|
Batting: SHB Cole Tucker
|
0-0: Called Strike 0-1: Called Strike 0-2: Fly out, F5 (Popup, 5S, EV 82.5 MPH)
|
|
Batting: RHB Steve Pratt
|
0-0: Ball 1-0: Ball 2-0: SINGLE (Groundball, 6MD, EV 101.9 MPH)
|
|
Batting: RHB Jim Williamson
|
0-0: Ball 1-0: Foul Ball, location: 9LMF 1-1: Fielders Choice at 2nd, 5-4 (Groundball, 5L, EV 78.8 MPH)
|
| Bottom of the 5th over - 0 runs, 1 hit, 0 errors, 1 left on base; Milwaukee 0 - Boston 0 |
| TOP OF THE 6TH |
|
Milwaukee Brewers batting - Pitching for Boston Red Sox : LHP Phil Christopher
|
|
Batting: RHB Steve Sanders
|
0-0: Called Strike 0-1: Swinging Strike 0-2: Ground out 6-3 (Groundball, 6, EV 94.4 MPH)
|
|
Batting: LHB Reese McGuire
|
0-0: Ball 1-0: Hit by Pitch
|
|
Batting: RHB Christian Arroyo
|
0-0: Fly out, F9 (Line Drive, 9, EV 96.3 MPH)
|
|
Batting: RHB Jorge Gutiérrez
|
0-0: SINGLE (Line Drive, 89S, EV 105.6 MPH) Reese McGuire to second Runner from 2nd tries for 3rd, SAFE, throw by RF made to third
|
|
Batting: RHB Jim Smith
|
0-0: Foul Ball, location: 9LMF 0-1: Called Strike 0-2: Ball 1-2: Fielders Choice at 2nd, 6-4 (Groundball, 6, EV 91.3 MPH)
|
| Top of the 6th over - 0 runs, 1 hit, 0 errors, 2 left on base; Milwaukee 0 - Boston 0 |
| BOTTOM OF THE 6TH |
|
Boston Red Sox batting - Pitching for Milwaukee Brewers : RHP Joe Ross
|
|
Batting: LHB Rafael Devers
|
0-0: Ball 1-0: Called Strike 1-1: Swinging Strike 1-2: Foul Ball, location: 7LSF 1-2: Foul Ball, location: 3SF 1-2: Ball 2-2: Fly out, F9 (Flyball, 9LM, EV 80.0 MPH)
|
|
Batting: RHB Patrick Vitzhum
|
0-0: Called Strike 0-1: Swinging Strike 0-2: Ball 1-2: Fly out, F7 (Flyball, 7D, EV 98.1 MPH)
|
|
Batting: SHB Dan Combs
|
0-0: Ball 1-0: Called Strike 1-1: Ball 2-1: DOUBLE (Flyball, 8LXD, EV 102.5 MPH)
|
|
Batting: RHB Cristián Colón
|
0-0: Called Strike 0-1: Ball 1-1: Fly out, F9 (Flyball, 89M, EV 88.1 MPH)
|
| Bottom of the 6th over - 0 runs, 1 hit, 0 errors, 1 left on base; Milwaukee 0 - Boston 0 |
| TOP OF THE 7TH |
|
Milwaukee Brewers batting - Pitching for Boston Red Sox : LHP Phil Christopher
|
|
Batting: RHB Kevin Thompson
|
0-0: Ball 1-0: Foul Ball, location: 7LDF 1-1: Fly out, F5 (Line Drive, 5, EV 65.0 MPH)
|
|
Batting: LHB Billy Wood
|
0-0: SINGLE (Groundball, 34D, EV 93.8 MPH)
|
|
Batting: RHB Tim Campbell
|
0-0: SINGLE (Line Drive, 7S, EV 105.6 MPH) Billy Wood to second
|
|
Pinch Runner at 2nd Gavin Cecchini:
|
|
|
Batting: RHB Dave Thomas
|
0-0: Foul Ball, location: 2F 0-1: Fly out, F7 (Line Drive, 7, EV 106.3 MPH)
|
|
Batting: RHB Steve Sanders
|
0-0: Called Strike 0-1: Ball 1-1: Fly out, F7 (Line Drive, 7S, EV 96.9 MPH)
|
| Top of the 7th over - 0 runs, 2 hits, 0 errors, 2 left on base; Milwaukee 0 - Boston 0 |
| BOTTOM OF THE 7TH |
|
Boston Red Sox batting - Pitching for Milwaukee Brewers : RHP Joe Ross
|
|
Now at 1B: Gavin Cecchini
|
|
|
Batting: SHB Yoan Moncada
|
0-0: Called Strike 0-1: Ball 1-1: Foul Ball, location: 7LDF 1-2: SINGLE (Groundball, 15S, EV 69.4 MPH) (infield hit)
|
|
Pinch Hitting: LHB Anthony Rizzo
|
0-0: Ball 1-0: Ball 2-0: Called Strike 2-1: Called Strike 2-2: Grounds into double play, 4-6-3 (Groundball, 4M, EV 97.5 MPH)
|
|
Batting: SHB Cole Tucker
|
0-0: Ball 1-0: Ball 2-0: Ground out 6-3 (Groundball, 4M, EV 88.8 MPH)
|
| Bottom of the 7th over - 0 runs, 1 hit, 0 errors, 0 left on base; Milwaukee 0 - Boston 0 |
| TOP OF THE 8TH |
|
Milwaukee Brewers batting - Pitching for Boston Red Sox : LHP Phil Christopher
|
|
Now in CF: Nelson Martínez
|
|
|
Batting: LHB Reese McGuire
|
0-0: Ball 1-0: Called Strike 1-1: Ball 2-1: Fly out, F8 (Line Drive, 8RS, EV 97.5 MPH)
|
|
Batting: RHB Christian Arroyo
|
0-0: Ball 1-0: Ball 2-0: Called Strike 2-1: Foul Ball, location: 25FF 2-2: Strikes out swinging
|
|
Batting: RHB Jorge Gutiérrez
|
0-0: Called Strike 0-1: Called Strike 0-2: Strikes out swinging
|
| Top of the 8th over - 0 runs, 0 hits, 0 errors, 0 left on base; Milwaukee 0 - Boston 0 |
| BOTTOM OF THE 8TH |
|
Boston Red Sox batting - Pitching for Milwaukee Brewers : RHP Joe Ross
|
|
Batting: RHB Steve Pratt
|
0-0: Called Strike 0-1: Ball 1-1: Swinging Strike 1-2: Foul Ball, location: 5SF 1-2: Strikes out swinging
|
|
Batting: RHB Jim Williamson
|
0-0: Swinging Strike 0-1: Ball 1-1: Ground out 4-3 (Groundball, 13, EV 80.6 MPH)
|
|
Batting: LHB Rafael Devers
|
0-0: Ball 1-0: Foul Ball, location: 5FF 1-1: Ball 2-1: Fly out, F8 (Flyball, 8LM, EV 91.3 MPH)
|
| Bottom of the 8th over - 0 runs, 0 hits, 0 errors, 0 left on base; Milwaukee 0 - Boston 0 |
| TOP OF THE 9TH |
|
Milwaukee Brewers batting - Pitching for Boston Red Sox : LHP Phil Christopher
|
|
Batting: RHB Jim Smith
|
0-0: Foul Ball, location: 2F 0-1: SOLO HOME RUN (Flyball, 9D, EV 99.4 MPH), Distance : 403 ft
|
|
Batting: RHB Kevin Thompson
|
0-0: Called Strike 0-1: Ball 1-1: Ball 2-1: Foul Ball, location: 9LDF 2-2: Fly out, F9 (Flyball, 9LD, EV 98.1 MPH)
|
|
Batting: RHB Gavin Cecchini
|
0-0: Ball 1-0: Ground out U3 (Groundball, 34, EV 81.3 MPH)
|
|
Batting: RHB Tim Campbell
|
0-0: Called Strike 0-1: Ball 1-1: DOUBLE (Flyball, 8RXD, EV 99.4 MPH)
|
|
Pitching: RHP Jeff Hornsby
|
|
|
Batting: RHB Dave Thomas
|
0-0: Ball 1-0: Ball 2-0: Called Strike 2-1: Ball 3-1: Foul Ball, location: 23F 3-2: Fly out, F7 (Flyball, 7, EV 89.4 MPH)
|
| Top of the 9th over - 1 run, 2 hits, 0 errors, 1 left on base; Milwaukee 1 - Boston 0 |
| BOTTOM OF THE 9TH |
|
Boston Red Sox batting - Pitching for Milwaukee Brewers : RHP Joe Ross
|
|
Pitching: LHP Curt Wilkerson
|
|
|
Batting: RHB Patrick Vitzhum
|
0-0: Swinging Strike 0-1: Ball 1-1: Ball 2-1: Foul Ball, location: 2F 2-2: Ball 3-2: Ground out 4-3 (Groundball, 4, EV 78.1 MPH)
|
|
Pinch Hitting: RHB Xander Bogaerts
|
0-0: Ball 1-0: Swinging Strike 1-1: Ball 2-1: Foul Ball, location: 2F 2-2: Foul Ball, location: 7LDF 2-2: Strikes out swinging
|
|
Batting: RHB Cristián Colón
|
0-0: Ball 1-0: Foul Ball, location: 2F 1-1: Ball 2-1: Ball 3-1: SINGLE (Flyball, 8LS, EV 88.1 MPH)
|
|
Batting: SHB Yoan Moncada
|
0-0: Called Strike Cristián Colón steals 2nd base 0-1: Fly out, F8 (Flyball, 8LM, EV 79.4 MPH)
|
| Bottom of the 9th over - 0 runs, 1 hit, 0 errors, 1 left on base; Milwaukee 1 - Boston 0 |
|